 Dungeon Crawl Stone Soup version 0.20-a0-903-g7e3609c (webtiles) character file.

90 Rrauwl the Skirmisher (level 4, 41/41 HPs)
             Began as a Hill Orc Abyssal Knight on Mar 21, 2017.
             Was an Initiate of Hepliaklqana.
             Got out of the dungeon alive.
             The game lasted 00:10:21 (3073 turns).

Rrauwl the Skirmisher (Hill Orc Abyssal Knight)     Turns: 3073, Time: 00:10:21

Health: 41/41      AC:  7    Str: 14    XL:     4   Next: 56%
Magic:  6/6        EV: 11    Int: 13    God:    Hepliaklqana [......]
Gold:   104        SH:  0    Dex:  8    Spells: 3/3 levels left

rFire    . . .     SeeInvis .   i - -2 mace (curse)
rCold    + . .     Gourm    .   b - +1 leather armour
rNeg     . . .     Faith    .   (no shield)
rPois    .         Spirit   .   j - +2 helmet
rElec    .         Reflect  .   (no cloak)
rCorr    .         Harm     .   (no gloves)
MR       .....     Clarity  +   (no boots)
Stlth    +.........             (no amulet)
Regen    0.2/turn               (no ring)
MPRegen  0.1/turn               (no ring)

@: studying Armour
A: reduced essence, clarity, clumsy 1, cold resistance 1, robust 1
a: Recall Ancestor, Ancestor Identity, Renounce Religion


You escaped.
You worshipped Hepliaklqana.
Hepliaklqana was noncommittal.
You were near starving.

You visited 1 branch of the dungeon, and saw 2 of its levels.
You visited the Abyss 1 time.

You collected 104 gold pieces.

Inventory:

Hand Weapons
 a - a +1 hand axe
 g - a +0 war axe
 i - a cursed -2 mace (weapon)
Armour
 b - a +1 leather armour (worn)
 j - a +2 helmet (worn)
Scrolls
 f - a scroll of identify
Potions
 h - a potion of curing
Books
 e - a manual of Armour
Comestibles
 c - a bread ration
 d - a meat ration


   Skills:
 + Level 4.3 Fighting
 + Level 3.4 Axes
 + Level 3.9 Armour
 + Level 1.7 Dodging
 - Level 3.0 Invocations


You had 3 spell levels left.
You didn't know any spells.

Dungeon Overview and Level Annotations

Branches:
Dungeon (2/15)

Altars:
Hepliaklqana
Ru
Uskayaw
Wu Jian
The Shining One


Innate Abilities, Weirdness & Mutations

Your life essence is reduced. (-10% HP)
You possess an exceptional clarity of mind.
You are clumsy. (Dex -2)
Your flesh is cold resistant. (rC+)
You are robust. (+10% HP)


Message History

The giant cockroach is severely wounded.
The giant cockroach closely misses you.
Hrothgar hits the giant cockroach but does no damage.
The giant cockroach closely misses you.
You closely miss the giant cockroach.
The giant cockroach is severely wounded.
The giant cockroach closely misses you.
Hrothgar barely misses the giant cockroach.
You hit the giant cockroach.
You kill the giant cockroach!
There is an open door here.
You see here 15 stones.
You swap places.
You see here 15 stones.
You swap places.
You are near starving!
There is an open door here.
There is a staircase leading out of the dungeon here.
Are you sure you want to leave the Dungeon?
This will make you lose the game!
You have escaped!

#########.#..................####
#...........#########..##.#..# #
#######.#..##.......##..#.#..####
#...'#.###.###.##...#..)...
#..##.##.....##.##..#..#### ###
#..#.##.#####.##.#.....##.. #.#
#..#.#..#.#.##.#.#......... #.#
#..#.#.#.###.#.#.#......#..
#.#####..#.###.R@#.#.#.#.........
#........#(#.#.###.#.#.#.........
#.###.#..#.#.##...##.#.#......#..
#.# #.#..#.##.#####.##.#......#..
#.# #.#..##.##.....##.##.........
#.# #.#...##.#######.##.......#..
#.###.#.#..##....#..##...........
#.......##).#########............
#.###...###..................##..


You could see the friendly Hrothgar the ancestor.

Vanquished Creatures
  2 adders (D:2)
  2 worms
  3 leopard geckos (D:2)
  3 giant cockroaches
  6 goblins
  5 hobgoblins
  19 jackals
  2 kobolds (D:2)
  A quokka (D:2)
  2 bats
  3 frilled lizards
  7 rats
55 creatures vanquished.

Notes
Turn   | Place    | Note
-------+----------+-------------------------------------------
     0 | Abyss:1  | Rrauwl the Hill Orc Abyssal Knight began the quest for the Orb.
     0 | Abyss:1  | Reached XP level 1. HP: 19/19 MP: 2/2
    24 | Abyss:1  | Gained mutation: You possess an exceptional clarity of mind. [potion of mutation]
    24 | Abyss:1  | Gained mutation: You are robust. (+10% HP) [potion of mutation]
    24 | Abyss:1  | Gained mutation: You are clumsy. (Dex -2) [potion of mutation]
    24 | Abyss:1  | Gained mutation: Your flesh is cold resistant. (rC+) [potion of mutation]
    65 | Abyss:3  | Noticed a hell hound
    65 | Abyss:3  | Noticed a blizzard demon
    65 | Abyss:3  | Noticed a white very ugly thing
    65 | Abyss:3  | Noticed an ice devil
    65 | Abyss:3  | Noticed a balrug
    65 | Abyss:3  | Noticed a red very ugly thing
    69 | D:1      | Escaped the Abyss
   399 | D:1      | Reached skill level 1 in Dodging
   423 | D:1      | Reached XP level 2. HP: 9/29 MP: 4/4
   430 | D:1      | Reached * piety under Lugonu
   691 | D:1      | Reached XP level 3. HP: 35/36 MP: 5/5
   754 | D:1      | Reached skill level 4 in Fighting
  2038 | D:2      | Noticed a dagger
  2039 | D:2      | Found a hide-covered altar of Uskayaw.
  2039 | D:2      | Noticed a dagger
  2090 | D:2      | Reached XP level 4. HP: 37/44 MP: 6/6
  2225 | D:2      | Found an ornate altar of the Wu Jian Council.
  2225 | D:2      | Found a sacrificial altar of Ru.
  2225 | D:2      | Found a glowing golden altar of the Shining One.
  2669 | D:2      | Found a hazy altar of Hepliaklqana.
  2910 | D:2      | Fell from the grace of Lugonu
  2910 | D:2      | Became a worshipper of Hepliaklqana the Forgotten
  3073 | D:$      | Got out of the dungeon alive.

Vault maps used:
D:1:      evilmike_arrival_rings
D:2:      dancing_weapons_uskayaw, gammafunk_temple_overflow_claw,
          lemuel_round_altar, first_bread, serial_aquarium,
          aquarium_bridge_straight, aquarium_window_2, aquarium_window_double,
          aquarium_window_1, aquarium_window_corner, aquarium_view_2e,
          aquarium_pool_1, serial_bayou_crossing
Abyss:3:  hangedman_abyss_or_decor_slice, hangedman_elemental_corridor

Skill      XL: |  1  2  3 |
---------------+----------+-----
Dodging        | 1 |  1.7
Axes           | 3 |  3.4
Invocations    | 3 |  3.0
Fighting       | 4 |  4.3
Armour         | 3 |  3.9

Action                   |  1- 3 |  4- 6 || total
-------------------------+-------+-------++-------
Melee: Hand axe          |   127 |     4 ||   131
       Mace              |       |    60 ||    60
Invok: Depart the Abyss  |     1 |       ||     1
  Use: Potion            |     4 |     1 ||     5
       Scroll            |     6 |     1 ||     7
  Eat: Bread ration      |     1 |       ||     1
       Chunk             |       |     1 ||     1
Armor: Leather armour    |    37 |    26 ||    63
Dodge: Dodged            |    74 |    50 ||   124
